 Dungeon Crawl Stone Soup version 0.31-a0-152-g6aa68a64a1 (webtiles) character file.

Game seed: 16103331130402251722

436 qw the Shooter (level 7, 0/64 HPs)
             Began as a Naga Hunter on June 10, 2023.
             Slain by a gnoll
             ... wielding a +0 spear
              (6 damage)
             ... on level 4 of the Dungeon.
             The game lasted 00:01:01 (2855 turns).

qw the Shooter (Naga Hunter)                        Turns: 2855, Time: 00:01:01

Health: 0/64       AC:  3    Str: 13    XL:     7   Next: 1%
Magic:  7/7        EV:  9    Int: 10    God:
Gold:   160        SH:  0    Dex: 16    Spells: 6/6 levels left

rFire   . . .        Y - +1 shortbow
rCold   . . .        (shield currently unavailable)
rNeg    . . .        c - +0 leather armour
rPois   +            (no helmet)
rElec   .            (no cloak)
rCorr   .            (no gloves)
SInv    +            (no barding)
Will    .....        (no amulet)
Stlth   ++           (no ring)
HPRegen 0.30/turn    (no ring)
MPRegen 0.10/turn

%: no passive effects
@: short of breath, very slow
A: AC +2, large, see invisible, deformed body, poison resistance, slowness 2,
spit poison 1, naga tail 1
a: Spit Poison


You were on level 4 of the Dungeon.
You visited 1 branch of the dungeon, and saw 4 of its levels.

You collected 160 gold pieces.


Innate Abilities, Weirdness & Mutations

Your serpentine skin is tough. (AC +2)
You have supernaturally acute eyesight. (SInv)
Armour fits poorly on your strangely shaped body.
Your system is resistant to poisons. (rPois)
You cover ground very slowly.
You can spit poison.
You have a snake-like lower body.


   Skills:
 - Level 4.1 Fighting
 + Level 6.6 Ranged Weapons
 - Level 1.5 Dodging
 - Level 1.5 Stealth


You had 6 spell levels left.
You didn't know any spells.
Your spell library was empty.

Inventory:

Hand Weapons
 Y - a +1 shortbow (weapon)
Armour
 c - a +0 leather armour (worn)
Scrolls
 e - a scroll of identify
Potions
 a - a potion of might {unknown}
 b - a potion of ambrosia {unknown}
 d - a potion of magic {unknown}
 f - a potion of attraction {unknown}
 j - a potion of heal wounds {unknown}

Dungeon Overview and Level Annotations

Branches:
Dungeon (4/15)
 Temple: D:4-7

Altars:
Cheibriados
Gozag
Lugonu

Shops:
D:4 *

Portals:
Abyss: D:4

Annotations:
D:4 2 transporters


Message History

The gnoll completely misses you. The gnoll misses you.
The orc hits you with a +0 short sword.
You shoot an arrow. The arrow hits the orc.
The orc is heavily wounded.
You hear a shout!
The gnoll hits you from afar with a +0 spear!
The gnoll barely misses you. The orc hits you with a +0 short sword.
You shoot an arrow. The arrow hits the orc.
You kill the orc!
The gnoll hits you from afar with a +0 spear.
The gnoll completely misses you.
2850 ||| Stepping ~*~*~tactically~*~*~ (outnumbered).
An orc comes into view. It is wielding a +0 club.
You shoot an arrow. The arrow hits the orc.
The orc is heavily wounded.
You have got your breath back.
The orc hits you with a +0 club. The gnoll closely misses you.
The gnoll hits you from afar with a +0 halberd.
2852 ||| INVOKING Spit Poison.
Aiming: Spit Poison (1% risk of failure)
Press: ? - help, Shift-Dir - straight line, f/p - orc The splash of poison misses the orc.
The splash of poison misses the gnoll.
The orc closely misses you. The gnoll closely misses you.
The gnoll barely misses you.
You shoot an arrow. The arrow closely misses the orc.
The arrow hits the gnoll.
The gnoll is moderately wounded.
The orc hits you with a +0 club.
The gnoll hits you from afar with a +0 spear.
The gnoll barely misses you.
You shoot an arrow. The arrow hits the orc.
The orc is severely wounded.
The orc hits you with a +0 club.
The gnoll hits you from afar with a +0 spear.
The gnoll hits you from afar with a +0 halberd!
You shoot an arrow.
The arrow hits the orc but does no damage.
The orc is severely wounded.
The orc hits you but does no damage.
The gnoll hits you from afar with a +0 spear.
You die...

#.# #.# #.. ..# #..
###.##### #..
....... ###.g
#.#.## #....
#.)..##
#.g#####.....#
#.go@.......#
##g......#.##
#########.# #.# #.
##'## #.# ##...##
#.### ##.....##
#.#.## ##.......#
#....####.........#


You could see 3 gnolls and an orc.

Vanquished Creatures
  A phantom (D:4)
  A jelly (D:3)
  A hound (D:4)
  An orc priest (D:4)
  Ijyb (D:4)
  5 orc wizards
  3 gnolls (D:3)
  An adder (D:4)
  2 worms
  20 orcs
  7 ball pythons
  4 endoplasms
  3 giant cockroaches
  3 goblins
  5 hobgoblins
  6 kobolds
  2 quokkas
  3 bats
  4 frilled lizards
  A rat (D:3)
  A lurking horror (D:4)
75 creatures vanquished.

Notes
Turn   | Place    | Note
-------+----------+-------------------------------------------
     0 | D:1      | qw the Naga Hunter began the quest for the Orb.
     0 | D:1      | Reached XP level 1. HP: 19/19 MP: 1/1
     0 | D:1      | 0 ||| qw: Version: 0.2-a-122-gbc61b45
     0 | D:1      | 0 ||| qw: Game counter: 3542
     0 | D:1      | 0 ||| qw: Always use a shield: true
     0 | D:1      | 0 ||| qw: God list: Okawaru
     0 | D:1      | 0 ||| qw: Allow faded altars: false
     0 | D:1      | 0 ||| qw: Do Orc after D:15 true
     0 | D:1      | 0 ||| qw: Do second Lair branch before Depths: true
     0 | D:1      | 0 ||| qw: Lair rune preference: random
     0 | D:1      | 0 ||| qw: Plans: Normal
     0 | D:1      | 0 ||| PLANNING D:1-11
    46 | D:1      | Found a faded altar of an unknown god.
    90 | D:1      | 90 ||| INVOKING Spit Poison.
   102 | D:1      | 102 ||| INVOKING Spit Poison.
   108 | D:1      | 108 ||| INVOKING Spit Poison.
   123 | D:1      | 123 ||| INVOKING Spit Poison.
   124 | D:1      | 124 ||| INVOKING Spit Poison.
   125 | D:1      | 125 ||| INVOKING Spit Poison.
   165 | D:1      | 165 ||| INVOKING Spit Poison.
   168 | D:1      | Reached skill level 4 in Ranged Weapons
   168 | D:1      | Reached XP level 2. HP: 26/26 MP: 2/2
   169 | D:1      | 169 ||| INVOKING Spit Poison.
   236 | D:1      | 236 ||| INVOKING Spit Poison.
   237 | D:1      | 237 ||| INVOKING Spit Poison.
   373 | D:1      | 373 ||| INVOKING Spit Poison.
   435 | D:1      | 435 ||| INVOKING Spit Poison.
   465 | D:1      | 465 ||| INVOKING Spit Poison.
   564 | D:1      | 564 ||| READING scroll labelled DEVYMU UTHU.
   565 | D:1      | 565 ||| READING scroll labelled HAOCZU YNT.
   614 | D:1      | 614 ||| DRINKING 2 murky brown potions.
   615 | D:1      | 615 ||| DROPPING scroll of butterflies.
   616 | D:1      | 616 ||| DROPPING potion of enlightenment.
   666 | D:2      | 666 ||| INVOKING Spit Poison.
   687 | D:2      | 687 ||| INVOKING Spit Poison.
   699 | D:2      | Reached XP level 3. HP: 32/32 MP: 3/3
   805 | D:2      | 805 ||| INVOKING Spit Poison.
   808 | D:2      | 808 ||| INVOKING Spit Poison.
   947 | D:2      | 947 ||| INVOKING Spit Poison.
   994 | D:2      | 994 ||| READING scroll labelled VIMISIO FIYHAF.
   995 | D:2      | 995 ||| READING scroll labelled POOCVO DEKK.
   996 | D:2      | 996 ||| READING scroll labelled GEBEHA RECA.
  1097 | D:2      | 1097 ||| READING scroll labelled ZEXAQ DUOH.
  1129 | D:3      | 1129 ||| INVOKING Spit Poison.
  1156 | D:3      | 1156 ||| INVOKING Spit Poison.
  1165 | D:3      | 1165 ||| INVOKING Spit Poison.
  1170 | D:3      | 1170 ||| INVOKING Spit Poison.
  1173 | D:3      | 1173 ||| INVOKING Spit Poison.
  1177 | D:3      | Reached skill level 5 in Ranged Weapons
  1177 | D:3      | Reached XP level 4. HP: 39/39 MP: 4/4
  1178 | D:3      | 1178 ||| INVOKING Spit Poison.
  1211 | D:3      | 1211 ||| INVOKING Spit Poison.
  1224 | D:3      | 1224 ||| INVOKING Spit Poison.
  1228 | D:3      | 1228 ||| INVOKING Spit Poison.
  1244 | D:3      | 1244 ||| INVOKING Spit Poison.
  1261 | D:3      | 1261 ||| INVOKING Spit Poison.
  1266 | D:3      | 1266 ||| INVOKING Spit Poison.
  1270 | D:3      | 1270 ||| INVOKING Spit Poison.
  1276 | D:3      | 1276 ||| INVOKING Spit Poison.
  1281 | D:3      | 1281 ||| INVOKING Spit Poison.
  1286 | D:3      | 1286 ||| INVOKING Spit Poison.
  1288 | D:3      | Reached skill level 3 in Fighting
  1512 | D:3      | Reached XP level 5. HP: 49/49 MP: 5/5
  1522 | D:3      | 1522 ||| INVOKING Spit Poison.
  1527 | D:3      | 1527 ||| INVOKING Spit Poison.
  1531 | D:3      | 1531 ||| INVOKING Spit Poison.
  1535 | D:3      | 1535 ||| INVOKING Spit Poison.
  1540 | D:3      | 1540 ||| INVOKING Spit Poison.
  1544 | D:3      | 1544 ||| INVOKING Spit Poison.
  1545 | D:3      | HP: 8/49 [gnoll/+0 spear (7)]
  1809 | D:3      | 1809 ||| DROPPING ring of wizardry.
  1810 | D:3      | 1810 ||| READING scroll labelled MOAMETI KIJYQE.
  1813 | D:3      | 1813 ||| READING scroll labelled POYNGE EFUT.
  1824 | D:4      | 1824 ||| INVOKING Spit Poison.
  1827 | D:4      | Found a one-way gate to the infinite horrors of the Abyss.
  1830 | D:4      | Found a corrupted altar of Lugonu.
  1831 | D:4      | Noticed Ijyb
  1834 | D:4      | 1834 ||| INVOKING Spit Poison.
  1838 | D:4      | 1838 ||| INVOKING Spit Poison.
  1838 | D:4      | Killed Ijyb
  1967 | D:4      | 1967 ||| INVOKING Spit Poison.
  1970 | D:4      | 1970 ||| INVOKING Spit Poison.
  1975 | D:4      | 1975 ||| INVOKING Spit Poison.
  1976 | D:4      | 1976 ||| Stepping ~*~*~tactically~*~*~ (outnumbered).
  1981 | D:4      | 1981 ||| INVOKING Spit Poison.
  1984 | D:4      | 1984 ||| INVOKING Spit Poison.
  1986 | D:4      | Reached skill level 6 in Ranged Weapons
  1986 | D:4      | Reached XP level 6. HP: 48/56 MP: 6/6
  2026 | D:4      | 2026 ||| INVOKING Spit Poison.
  2030 | D:4      | 2030 ||| INVOKING Spit Poison.
  2180 | D:4      | Found a snail-covered altar of Cheibriados.
  2192 | D:4      | 2192 ||| INVOKING Spit Poison.
  2196 | D:4      | 2196 ||| INVOKING Spit Poison.
  2379 | D:4      | 2379 ||| INVOKING Spit Poison.
  2470 | D:4      | Found a transporter.
  2477 | D:4      | Noticed an ice beast
  2477 | D:4      | Noticed an ice beast
  2528 | D:4      | 2528 ||| INVOKING Spit Poison.
  2539 | D:4      | 2539 ||| INVOKING Spit Poison.
  2544 | D:4      | Reached XP level 7. HP: 62/64 MP: 7/7
  2568 | D:4      | Found a transporter.
  2616 | D:4      | Found Gozag's Platinum Reserve.
  2619 | D:4      | Found an opulent altar of Gozag.
  2639 | D:4      | 2639 ||| SHOPLISTING +0 robe "Ureutseor" {rN+ Str+6} (2450
                  | gold, have 148).
  2639 | D:4      | 2639 ||| SHOPLISTING +3 ring mail of Fedhas's Scorn {rF+}
                  | (3300 gold, have 148).
  2639 | D:4      | 2639 ||| SHOPLISTING ring "Wewnawny" {EV+5 Int+5} (5350
                  | gold, have 148).
  2831 | D:4      | 2831 ||| INVOKING Spit Poison.
  2842 | D:4      | 2842 ||| Stepping ~*~*~tactically~*~*~ (outnumbered).
  2844 | D:4      | 2844 ||| Stepping ~*~*~tactically~*~*~ (outnumbered).
  2846 | D:4      | 2846 ||| INVOKING Spit Poison.
  2850 | D:4      | 2850 ||| Stepping ~*~*~tactically~*~*~ (outnumbered).
  2852 | D:4      | 2852 ||| INVOKING Spit Poison.
  2854 | D:4      | HP: 16/64 [gnoll/+0 spear (1)]
  2854 | D:4      | HP: 6/64 [gnoll/+0 halberd (10)]
  2855 | D:4      | Slain by a gnoll

Levels and vault maps discovered:
D:1:      scummos_arrival_forest, layout_loops_cross, basic_ecumenical_altar
D:2:      layout_rooms, hex_tiny
D:3:      layout_basic
D:4:      gammafunk_cloud_chamber, layout_loops_corners,
          nicolae_gozag_zags_fifth_avenue, kennysheep_mini_moat,
          amcnicky_altar_lugonu_corruption, uniq_ijyb

Skill      XL: |  1  2  3  4  5  6 |
---------------+-------------------+-----
Ranged Weapons | 4 5 6 |  6.6
Fighting       | 3 4 |  4.1
Dodging        | |  1.5
Stealth        | |  1.5

Action                     |  1- 3 |  4- 6 |  7- 9 || total
---------------------------+-------+-------+-------++-------
   Fire: Shortbow          |    45 |   120 |     8 ||   173
Ability: Spit Poison       |    20 |    32 |     3 ||    55
    Use: Scroll            |     6 |     2 |       ||     8
         Potion            |     1 |       |       ||     1
 Armour: Leather armour    |       |     7 |     1 ||     8
  Dodge: Dodged            |     4 |    30 |     9 ||    43

Table legend:
 A = Non-vault XP
 B = Vault XP
 C = Vault XP percentage of total XP
 D = Non-vault monster count
 E = Vault monster count
 F = Vault count percentage of total count
                 A         B        C        D         E       F
            +---------+---------+-------+---------+---------+-------
      Total |     602 |      21 |   3.4 |      73 |       1 |   1.4
            +---------+---------+-------+---------+---------+-------
        D:1 |      26 |       0 |   0.0 |      15 |       0 |   0.0
        D:2 |      16 |       0 |   0.0 |       7 |       0 |   0.0
        D:3 |     213 |       0 |   0.0 |      29 |       0 |   0.0
        D:4 |     347 |      21 |   5.7 |      22 |       1 |   4.3
            +---------+---------+-------+---------+---------+-------
